 Dungeon Crawl Stone Soup version 0.25.1-2-g60ff931df9 (webtiles) character file.

Game seed: 14691795428955988068

4571 Amplified the Destroyer (level 10, -3/64 HPs)
             Began as a Tengu Conjurer on Oct 10, 2020.
             Was a Believer of Vehumet.
             Killed from afar by an electric eel (9 damage)
             ... with a bolt of electricity
             ... on level 8 of the Dungeon.
             The game lasted 00:14:01 (9089 turns).

Amplified the Destroyer (Tengu Conjurer)            Turns: 9089, Time: 00:14:02

Health: -3/64      AC:  4    Str: 10    XL:     10   Next: 41%
Magic:  22/22      EV: 17    Int: 22    God:    Vehumet [**....]
Gold:   462        SH:  0    Dex: 16    Spells: 8/23 levels left

rFire    . . .     SeeInvis .   t - +6 whip (elec)
rCold    . . .     Gourm    .   (no shield)
rNeg     . . .     Faith    .   a - +1 robe
rPois    .         Spirit   .   (helmet restricted)
rElec    .         Reflect  .   o - +0 cloak
rCorr    .         Harm     .   (no gloves)
MR       .....                  (boots unavailable)
Stlth    ++........             d - amulet of the acrobat
HPRegen  0.20/turn              b - +4 ring of evasion
MPRegen  0.18/turn              g - +6 ring of intelligence

@: very slightly contaminated
A: beak, talons 3, able to fly
a: Fly, Renounce Religion


You were on level 8 of the Dungeon.
You worshipped Vehumet.
Vehumet was pleased with you.
You were not hungry.

You visited 2 branches of the dungeon, and saw 9 of its levels.

You collected 462 gold pieces.

Inventory:

Hand Weapons
 t - a +6 whip of electrocution (weapon)
Missiles
 h - 5 curare-tipped darts (quivered)
 q - 8 poisoned darts
Armour
 a - a +1 robe (worn)
 o - a +0 cloak (worn)
 x - the cursed +1 robe "Qucycoik" {*Drain Str+5}
   (You found it on level 5 of the Dungeon)

   It affects your strength (+5).
   It causes draining when unequipped.
   It has a curse placed upon it.
Jewellery
 b - a +4 ring of evasion (left hand)
 d - an amulet of the acrobat (around neck)
 g - a +6 ring of intelligence (right hand)
 A - an uncursed ring of flight {unknown}
Wands
 f - a wand of enslavement (13)
 y - a wand of digging (4)
Scrolls
 k - a scroll of identify
 l - a scroll of random uselessness {unknown}
 p - a scroll of amnesia
 s - a scroll of enchant armour
 u - a scroll of fear {unknown}
 v - 4 scrolls of remove curse {unknown}
 z - 3 scrolls of teleportation
Potions
 j - 3 potions of berserk rage
 m - 3 potions of lignification
 n - 3 potions of curing
 r - a potion of haste
 w - 2 potions of heal wounds {unknown}
Comestibles
 c - 21 rations


   Skills:
 * Level 7.7 Fighting
 * Level 6.7 Maces & Flails
 - Level 2.1 Dodging
 - Level 2.0 Stealth
 * Level 7.4 Spellcasting
 * Level 11.3 Conjurations


You had 8 spell levels left.
You knew the following spells:

 Your Spells              Type           Power        Failure   Level  Hunger
a - Magic Dart            Conj           ####         1%          1    None
b - Searing Ray           Conj           ######       1%          2    None
c - Dazzling Flash        Conj/Hex       ####..       2%          3    None
d - Inner Flame           Hex/Fire       #.......     24%         3    None
e - Portal Projectile     Hex/Tloc       #.....       24%         3    None
f - Stone Arrow           Conj/Erth      ####..       2%          3    None

Your spell library contained the following spells:

 Spells                   Type           Power        Failure   Level  Hunger
 Corona                   Hex            #......      8%          1    None
 Fulminant Prism          Conj/Hex       ####......   8%          4    ###....
 Iskenderun's Mystic Bla  Conj/Tloc      ####....     8%          4    ###....
 Slow                     Hex            #.......     12%         2    None
 Cause Fear               Hex            #.........   61%         4    ###....
 Leda's Liquefaction      Hex/Erth       #.........   61%         4    ###....


Dungeon Overview and Level Annotations

Branches:
Dungeon (8/15)             Temple (1/1) D:4
   Lair: D:8-11

Altars:
Ashenzari
Cheibriados
Dithmenos
Elyvilon
Fedhas
Gozag
Hepliaklqana
Kikubaaqudgha
Makhleb
Nemelex Xobeh
Okawaru
Qazlal
Ru
Sif Muna
Trog
Uskayaw
Vehumet
Wu Jian
Xom
Yredelemnul
Zin
The Shining One

Shops:
D:5 *   D:8 ?

Annotations:
D:3 Grinder
D:6 2 runed translucent doors, DoubleLucky's ghost, novice HuFE


Innate Abilities, Weirdness & Mutations

You have a beak for a mouth.
You have claws for feet.
You can fly continuously.


Message History

Evoke which item? (* to show all) (? for menu, Esc to quit)
Aiming: Enslavement
Press: ? - help, Shift-Dir - straight line, f - electric eel
Aim: an electric eel (water, almost dead, chance to defeat MR: 54%)
The electric eel resists with significant effort.
The ice beast barely misses you.
The electric eel shoots out a bolt of lightning at you!
The bolt of electricity hits the ice beast!
The bolt of electricity hits you!
* * * LOW HITPOINT WARNING * * *
The bolt of electricity hits you!
* * * LOW HITPOINT WARNING * * *
Okay, then.
Blink to where?
Press: ? - help, Dir - move target cursor, p - electric eel You are very lightly contaminated with residual magic.
As you read the scroll of blinking, it crumbles to dust.
The electric eel shoots out a bolt of lightning at you!
The bolt of electricity hits you!
You die...

...# ..... #..... #......
####%.....# ##....≈≈≈...
###########.Y≈≈≈≈≈≈#.#
#.....##....≈≈;≈≈≈≈# #
#.....##@####≈≈≈≈≈≈#.# ≈≈
#.....##.# ####≈≈≈..#≈≈≈
##....>#..# #..#.#..# #......#.##
#......#
########......#.##########.......
.......<..∩......................
#######.......#.#########....####
## ##.....##.# ###...#..### .##
#....###.# ##..........#


You could see an ice beast and an electric eel.

Vanquished Creatures
  2 polar bears (D:8)
  A spriggan (D:7)
  Sigmund (D:2)
  2 yaks (D:8)
  A water moccasin (D:6)
  3 orc warriors
  2 sky beasts
  An ice beast (D:7)
  3 black bears
  2 wolves (D:8)
  3 ogres
  4 centaurs
  2 big kobolds (D:8)
  6 bullfrogs
  A wyvern skeleton (D:8)
  4 scorpions
  A howler monkey (D:4)
  A jelly (D:6)
  A crimson imp (D:7)
  A centaur zombie (D:8)
  A bullfrog zombie (D:5)
  4 hounds
  6 orc wizards
  3 orc priests
  Jessica (D:3)
  A bullfrog skeleton (D:6)
  Terence (D:2)
  7 worker ants
  A bullfrog simulacrum (D:8)
  2 hound zombies
  2 howler monkey zombies
  A gnoll (D:3)
  10 adders
  4 white imps (D:8)
  An adder skeleton (D:4)
  An adder zombie (D:7)
  A worm (D:3)
  2 dart slugs
  An adder simulacrum (D:8)
  4 leopard geckos
  30 orcs
  2 ball pythons
  10 giant cockroaches
  6 goblins
  12 hobgoblins
  4 jackals
  10 kobolds
  3 quokkas
  7 bats
  3 frilled lizards
  2 giant cockroach zombies
  A jackal skeleton (D:4)
  A leopard gecko simulacrum (D:8)
  A leopard gecko skeleton (D:3)
  A leopard gecko zombie (D:5)
  5 rats
194 creatures vanquished.

Notes
Turn   | Place    | Note
-------+----------+-------------------------------------------
     0 | D:1      | Amplified the Tengu Conjurer began the quest for the Orb.
     0 | D:1      | Reached XP level 1. HP: 10/10 MP: 4/4
    42 | D:1      | Noticed a wolf
    42 | D:1      | Noticed a komodo dragon
    42 | D:1      | Noticed a polar bear
    42 | D:1      | Noticed a swamp worm
    42 | D:1      | Noticed a redback
   134 | D:1      | Reached XP level 2. HP: 11/16 MP: 0/6
   293 | D:1      | Learned a level 2 spell: Searing Ray
   413 | D:1      | Reached skill level 1 in Fighting
   818 | D:1      | Reached XP level 3. HP: 20/20 MP: 4/7
  1321 | D:2      | Found a glowing silver altar of Zin.
  1547 | D:2      | Noticed Sigmund
  1565 | D:2      | Killed Sigmund
  1565 | D:2      | Reached skill level 6 in Conjurations
  1565 | D:2      | Reached XP level 4. HP: 27/27 MP: 0/10
  1565 | D:2      | Gained mutation: You can fly continuously. [Tengu growth]
  1565 | D:2      | Reached XP level 5. HP: 32/32 MP: 0/11
  1694 | D:2      | Reached skill level 7 in Conjurations
  1694 | D:2      | Reached XP level 6. HP: 37/37 MP: 5/12
  1883 | D:2      | Noticed Terence
  1890 | D:2      | Killed Terence
  2619 | D:3      | Noticed Grinder
  2623 | D:3      | Noticed Jessica
  2626 | D:3      | Killed Jessica
  2764 | D:3      | Paralysed by Grinder for 2 turns
  2893 | D:4      | Reached XP level 7. HP: 42/42 MP: 9/14
  3092 | D:4      | Found a sacrificial altar of Ru.
  3242 | D:4      | Learned a level 3 spell: Dazzling Flash
  3261 | D:4      | Reached skill level 8 in Conjurations
  3605 | D:4      | Found a staircase to the Ecumenical Temple.
  3696 | D:4      | Reached skill level 1 in Maces & Flails
  3733 | Temple   | Entered the Ecumenical Temple
  3958 | Temple   | Became a worshipper of Vehumet
  4234 | D:5      | Entered Level 5 of the Dungeon
  4320 | D:5      | Found a shimmering altar of Xom.
  4322 | D:5      | Found a shimmering altar of Xom.
  4323 | D:5      | Found a shimmering altar of Xom.
  4323 | D:5      | Found a shimmering altar of Xom.
  4323 | D:5      | Found a shimmering altar of Xom.
  4351 | D:5      | Found a shimmering altar of Xom.
  4351 | D:5      | Found a shimmering altar of Xom.
  4394 | D:5      | Reached XP level 8. HP: 48/48 MP: 14/16
  4563 | D:5      | Found a shimmering blue altar of Sif Muna.
  4563 | D:5      | Found a sparkling altar of Nemelex Xobeh.
  4660 | D:5      | Found a bloodstained altar of Trog.
  4660 | D:5      | Found an ornate altar of the Wu Jian Council.
  4704 | D:5      | Got an ominously black robe
  4705 | D:5      | Identified the cursed +1 robe "Qucycoik" {*Drain Str+5}
                  | (You found it on level 5 of the Dungeon)
  4723 | D:5      | Reached skill level 5 in Spellcasting
  4863 | D:5      | Found Wivvevyo's Elemental Accessories.
  5073 | D:5      | Reached skill level 5 in Fighting
  5255 | D:6      | Found a shadowy altar of Dithmenos.
  5318 | D:6      | Reached skill level 9 in Conjurations
  5575 | D:6      | Reached * piety under Vehumet
  5575 | D:6      | Offered knowledge of Sandblast by Vehumet.
  5941 | D:6      | Reached XP level 9. HP: 55/55 MP: 18/18
  6534 | D:6      | Found a runed translucent door.
  6540 | D:6      | Noticed DoubleLucky's ghost (novice HuFE)
  6560 | D:6      | Found a runed translucent door.
  6681 | D:6      | Found a hide-covered altar of Uskayaw.
  6940 | D:7      | Reached skill level 10 in Conjurations
  7139 | D:7      | Reached skill level 5 in Maces & Flails
  7646 | D:7      | Offered knowledge of Shock by Vehumet.
  7890 | D:7      | Reached ** piety under Vehumet
  8208 | D:8      | Reached XP level 10. HP: 50/63 MP: 21/21
  8455 | D:8      | Found Pethrul's Magic Scroll Emporium.
  8751 | D:8      | Reached skill level 11 in Conjurations
  8908 | D:8      | Learned a level 3 spell: Inner Flame
  8912 | D:8      | Learned a level 3 spell: Portal Projectile
  9021 | D:8      | Offered knowledge of Stone Arrow by Vehumet.
  9045 | D:8      | Learned a level 3 spell: Stone Arrow
  9089 | D:8      | Killed from afar by an electric eel

Illustrated notes

Levels and vault maps discovered:
D:1:      onia_arrival_zoo_common, layout_loops_ring,
          chequers_serial_rivers_micro_d
D:2:      layout_basic, lemuel_crystal_altar, serial_bayou,
          serial_bayou_crossing, serial_bayou_pond_a, serial_bayou_lake_a,
          serial_bayou_pond_d, serial_bayou_pond_c, uniq_sigmund, uniq_terence
D:3:      layout_rooms, fountainhead, kennysheep_crisscross, nrook_uturn,
          trog_eyes_of_draining, uniq_grinder, uniq_jessica
D:4:      layout_cave_pods, minmay_temple_entry_glassed_door,
          nicolae_ru_awakened_eye
D:5:      layout_loops_corners, gammafunk_temple_overflow_pools,
          nicolae_xom_altar_mimics, gammafunk_temple_overflow_elements,
          first_ration, dk_vineyard_3, eino_small_chamber_without_monster,
          nicolae_elemental_shop
D:6:      layout_basic, overflow_temple_1_default, kennysheep_little_box,
          ebering_ghost_sewer_f, minmay_fountain_box
D:7:      layout_gridville, the_bakery, minivault_25
D:8:      layout_rooms, serial_shops, shop, serial_ice, serial_ice_f,
          serial_ice_l, serial_ice_e, serial_ice_d, serial_ice_c, serial_ice_o,
          serial_ice_g, serial_ice_a, serial_ice_h, serial_ice_m,
          grunt_decor_one_mirror
Temple:   dpeg_chambers_temple

Skill      XL: |  1  2  3  4  5  6  7  8  9 10 |
---------------+-------------------------------+-----
Fighting       | 1 2 3 4 5 7 |  7.7
Spellcasting   | 3 4 5 6 7 |  7.4
Conjurations   | 6 7 8 9 10 11 | 11.3
Maces & Flails | 1 3 5 6 |  6.7
Dodging        | |  2.1
Stealth        | |  2.0

Action                   |  1- 3 |  4- 6 |  7- 9 | 10-12 || total
-------------------------+-------+-------+-------+-------++-------
Melee: Unarmed           |    11 |    16 |     4 |       ||    31
       Kick              |     4 |     4 |    51 |    15 ||    74
       Peck              |     2 |     1 |    35 |     8 ||    46
       Whip              |       |       |   204 |    73 ||   277
Throw: Dart              |     6 |     3 |     5 |     2 ||    16
 Cast: Magic Dart        |    66 |    81 |    32 |       ||   179
       Searing Ray       |       |     7 |     8 |     1 ||    16
       Dazzling Flash    |       |       |     5 |     5 ||    10
       Portal Projectile |       |       |       |     1 ||     1
Evoke: Wand              |       |       |     1 |     1 ||     2
  Use: Scroll            |     3 |       |    15 |     1 ||    19
       Potion            |     2 |       |       |     3 ||     5
 Stab: Sleeping          |     1 |       |     4 |       ||     5
       Invisible         |       |       |     5 |     1 ||     6
  Eat: Chunk             |     3 |     4 |     9 |     4 ||    20
       Ration            |       |       |     2 |       ||     2
Armor: Robe              |     3 |     5 |    24 |    12 ||    44
Dodge: Dodged            |    33 |    44 |   185 |    61 ||   323
